[Event "*** Titled Tuesday Blitz"]
[Site "Chess.com"]
[Date "2020.12.01"]
[Round "8"]
[White "1977Ivan"]
[Black "Parhamov"]
[Result "0-1"]
[WhiteElo "2675"]
[BlackElo "2910"]
[TimeControl "180+1"]
[EndTime "11:26:54 PST"]
[Termination "Parhamov won by resignation"]

1. d4 Nf6 2. Nf3 g6 3. g3 Bg7 4. c4 O-O 5. Bg2 d6 6. Nc3 Nc6 7. d5 Na5 8. b3 b6 9. Bd2 Bd7 10. O-O Nb7 11. Nd4 a5 12. Rc1 Nc5 13. Nc6 Bxc6 14. dxc6 e6 15. Nb5 Qe7 16. Be3 Rfd8 17. Qc2 h5 18. h3 Kh7 19. Rfd1 Bh6 20. Bxh6 Kxh6 21. a3 a4 22. b4 Nb3 23. Rb1 d5 24. cxd5 exd5 25. e3 h4 26. g4 Ne4 27. Nd4 Nxd4 28.
Rxd4 Ng5 29. Rbd1 Rd6 30. Rxd5 Rad8 31. Rxd6 Rxd6 32. Rxd6 Qxd6 33. f4 Ne6 34. g5+ Kg7 35. Bf3 Kg8 36. Kf2 Ng7 37. Qc3 Qe6 38. Qf6 Qxh3 39.
Bd5 Qf5 40. Bxf7+ Kh7 41. Qxf5 Nxf5 42. Be6 Nd6 43. Kf3 Nb5 44. Bc4 Nxa3 45. Bd3 b5 46. e4 Nc4 47. Kg4 a3 48. Bb1 Nd2 49. Ba2 Nxe4 50.
Kxh4 Nc3 51. Bb3 a2 52. Bxa2 Nxa2 53. Kg4 Nxb4 54. f5 Nxc6 55. f6 b4 56. Kf4 b3 57. Ke3 b2 0-1

[Event "*** Titled Tuesday Blitz"]
[Site "Chess.com"]
[Date "2020.12.01"]
[Round "8"]
[White "ambaixador"]
[Black "sara_khm"]
[Result "1-0"]
[WhiteElo "2462"]
[BlackElo "2572"]
[TimeControl "180+1"]
[EndTime "11:26:56 PST"]
[Termination "ambaixador won by resignation"]

1. Nf3 d5 2. c4 d4 3. g3 c5 4. Bg2 Nc6 5. O-O g6 6. d3 Bg7 7.
Na3 Nf6 8. Nc2 O-O 9. a3 a5 10.
b3 e5 11. Rb1 e4 12. Nfe1 Bf5 13.
b4 axb4 14. axb4 cxb4 15. Nxb4 Qb6 16. Bd2 Nxb4 17. Bxb4 Rfe8 18. Nc2 exd3 19. exd3 Bg4 20. Qd2 Re2 21. Qc1 Nd7 22. h3 Bf5 23. Qd1 Ree8 24. Bd2 Qd8 25. Rxb7 Nc5 26. Rb5 Rc8 27. Ba5 Qf6 28.
Nb4 h5 29. Nd5 Qa6 30. Nc7 Rxc7 31. Bxc7 Nxd3 32. Rxf5 gxf5 33. Qxd3 Rc8 34. Bf4 Rxc4 35. Qxf5 Rc3 36. Re1 Rc8 37. Bd5 Rf8 38. Be4 Qg6 39. Qxg6 fxg6 40. Bxg6 h4 41. Kg2 hxg3 42. fxg3 Bf6 43.
Be5 Bxe5 44. Rxe5 Kg7 45. Bd3 Rd8 46. Kf3 Rf8+ 47. Rf5 Re8 48. Kg4 Re3 49. Rf3 Re1 50. Rf4 Re3 51. Rxd4 Kf6 52. h4 Ke5 53. Re4+ Rxe4+ 54. Bxe4 1-0

[Event "*** Titled Tuesday Blitz"]
[Site "Chess.com"]
[Date "2020.12.01"]
[Round "8"]
[White "SanchezKelvin"]
[Black "Sergienko_Sergey"]
[Result "0-1"]
[WhiteElo "2462"]
[BlackElo "2368"]
[TimeControl "180+1"]
[EndTime "11:26:56 PST"]
[Termination "Sergienko_Sergey won on time"]

1. e4 c5 2. Nf3 a6 3. c4 e6 4. d4 cxd4 5. Nxd4 Nf6 6. Nc3 d6 7. f3 Be7 8. Be3 b6 9. Be2 Bb7 10. Qd2 Nbd7 11. O-O O-O 12. a4 Rc8 13. a5 bxa5 14.
Nb3 Ne5 15. Nxa5 Ba8 16. Na4 Rb8 17. Ba7 Qc7 18. Bxb8 Rxb8 19. Nc3 h6 20. Kh1 Ng6 21. Rfc1 Qc5 22. Na4 Qf2 23. Qe1 Qe3 24. Bf1 Qg5 25. Rd1 d5 26. cxd5 Bb4 27. Nc3 exd5 28. e5 Nh5 29.
Qd2 Ngf4 30. g3 d4 31. gxf4 Nxf4 32. Qf2 dxc3 33. bxc3 Bxc3 34. Ra3 Bxe5 35. Nc4 Bf6 36. Nd2 Rb2 37. Rb3 Rxb3 38. Nxb3 Qh5 39. Bg2 Nxg2 40.
Kxg2 Qg4+ 41. Kf1 Bxf3 42. Rd3 Be4 43. Re3 Qd1+ 44. Qe1 Bd3+ 45. Kf2 Qxb3 46. Qd2 Bd4 0-1

[Event "*** Titled Tuesday Blitz"]
[Site "Chess.com"]
[Date "2020.12.01"]
[Round "8"]
[White "carloseduar100"]
[Black "MillyNeuf"]
[Result "0-1"]
[WhiteElo "2057"]
[BlackElo "2322"]
[TimeControl "180+1"]
[EndTime "11:26:56 PST"]
[Termination "MillyNeuf won on time"]

1. e4 c5 2. Nf3 d6 3. Bc4 Nf6 4. d3 e6 5. O-O a6 6. a4 Be7 7. Nc3 Nc6 8. Bg5 h6 9. Bh4 O-O 10. Re1 Ne5 11. Nxe5 dxe5 12. Ne2 Nd7 13. Bg3 Bd6 14.
c3 Rb8 15. a5 Bc7 16. b4 Qe7 17. Rb1 cxb4 18. cxb4 b5 19. Ba2 Bb7 20. d4 Bxe4 21.
Rc1 Rbc8 22. dxe5 Bb7 23. Nd4 Rfd8 24. Qh5 Nf8 25. Nc6 Bxc6 26. Rxc6 Qxb4 27. Rec1 Qxa5 28. Bb1 Bb8 29. Rxc8 Rxc8 30. Rd1 Qa4 31. h4 b4 32.
Be4 b3 33. Qf3 b2 34. Qd3 Qxd1+ 35. Qxd1 Rc1 36. Qxc1 bxc1=Q+ 37. Kh2 Qc5 38. Bf3 Bxe5 39. Bxe5 Qxe5+ 40. g3 a5 41. Kg2 Qc3 0-1

[Event "*** Titled Tuesday Blitz"]
[Site "Chess.com"]
[Date "2020.12.01"]
[Round "8"]
[White "hansen"]
[Black "Malev212"]
[Result "1-0"]
[WhiteElo "2899"]
[BlackElo "2558"]
[TimeControl "180+1"]
[EndTime "11:26:57 PST"]
[Termination "hansen won on time"]

1. e4 e5 2. Nf3 Nc6 3. Bb5 Bc5 4.
c3 Bb6 5. d4 exd4 6. O-O Nf6 7.
e5 Nd5 8. Bg5 Nce7 9. Bc4 h6 10.
Bh4 Nf4 11. Nxd4 Nfg6 12. Qh5 O-O 13. Bg3 d5 14. exd6 cxd6 15. Re1 Ne5 16. Bxe5 dxe5 17. Nf3 Nc6 18. Nbd2 Qf6 19. Ne4 Qf4 20. h3 Be6 21.
Bxe6 fxe6 22. Rad1 Qf5 23. Qh4 Rfd8 24. Qg4 h5 25.
Qh4 Rd5 26. Ng3 Qf4 27. Rxd5 Qxh4 28. Nxh4 exd5 29. Nxh5 Rf8 30. Re2 e4 31. g3 Ne5 32.
Kg2 g5 33. f4 exf3+ 34. Nxf3 Nxf3 35. Re7 Nd2 36. h4 Rf4 37. gxf4 1-0

[Event "*** Titled Tuesday Blitz"]
[Site "Chess.com"]
[Date "2020.12.01"]
[Round "8"]
[White "canary2016"]
[Black "HajduIstvanCM"]
[Result "1-0"]
[WhiteElo "1988"]
[BlackElo "1753"]
[TimeControl "180+1"]
[EndTime "11:26:57 PST"]
[Termination "canary2016 won on time"]

1. d4 d5 2. c4 c6 3. Nf3 Nf6 4. Nc3 dxc4 5. e3 Bf5 6. Bxc4 e6 7. O-O Bb4 8. a3 Bxc3 9. bxc3 O-O 10. Qb3 Qc7 11.
h3 h6 12. Nd2 Nbd7 13. Be2 Ne4 14. Bf3 Ndf6 15. Nc4 Nd7 16. Rd1 Rad8 17. Nd2 Ndf6 18. c4 Nxd2 19. Bxd2 Ne4 20. Bb4 Rfe8 21. Rac1 a5 22. Be1 Rd7 23. d5 exd5 24. cxd5 c5 25. Qc4 b6 26. Bc3 Nxc3 27. Qxc3 Qe5 28. Qb3 Rd6 29. Rd2 Be4 30. Bxe4 Qxe4 31. Rcd1 Red8 32. Qb5 g5 33. Qb3 h5 34. f3 Qe5 35. e4 f6 36.
Rb2 Rb8 37. Qc2 g4 38. hxg4 hxg4 39. Rd2 g3 40. Qd3 Qh5 41. f4 Qh2+ 42. Kf1 Qh1+ 43.
Ke2 Qxg2+ 44. Kd1 Qg1+ 45. Kc2 g2 46. Qg3+ Kf7 47. Rxg2 Qd4 48. Qg7+ Ke8 49. Qg8+ 1-0

[Event "*** Titled Tuesday Blitz"]
[Site "Chess.com"]
[Date "2020.12.01"]
[Round "8"]
[White "Fh2411"]
[Black "ChessQueen"]
[Result "0-1"]
[WhiteElo "2545"]
[BlackElo "2718"]
[TimeControl "180+1"]
[EndTime "11:26:59 PST"]
[Termination "ChessQueen won on time"]

1. d4 Nf6 2. Nf3 b6 3. g3 Bb7 4. Bg2 g6 5. O-O Bg7 6. Bf4 c5 7. c3 O-O 8. Qc1 Re8 9. Bh6 Bh8 10. Rd1 Na6 11. Nbd2 Rc8 12. Nf1 cxd4 13. Nxd4 Bxg2 14. Kxg2 Qc7 15. Qg5 Nc5 16. Qh4 e5 17. Nf5 Nce4 18.
N5e3 Qc6 19. f3 Nc5 20. c4 e4 21. f4 Na4 22. b3 Nc3 23. Rd2 d5 24. Rc1 d4 25.
Rxd4 Nxe2 26. Rcd1 Nxd4 27. Rxd4 Qc5 28. Rd2 Rcd8 29.
Re2 Rd3 30. f5 Qd4 31. g4 Qd8 32. Bg5 Qd6 33. h3 a5 34. Qf2 a4 35. Bf4 Qc5 36.
Bg5 axb3 37. axb3 Nd7 38. Nd5 Qxf2+ 39. Rxf2 f6 40. Bc1 Kf7 41. Nfe3 Rxb3 42. g5 Rb1 43. Bd2 Ne5 44. fxg6+ hxg6 45. Nxf6 Nd3 0-1

[Event "*** Titled Tuesday Blitz"]
[Site "Chess.com"]
[Date "2020.12.01"]
[Round "8"]
[White "cstevens1"]
[Black "Roza_Idrisova"]
[Result "1-0"]
[WhiteElo "2642"]
[BlackElo "2195"]
[TimeControl "180+1"]
[EndTime "11:26:59 PST"]
[Termination "cstevens1 won by resignation"]

1. e4 c6 2. d4 d5 3. e5 c5 4.
dxc5 e6 5. Nf3 Bxc5 6. Bd3 Ne7 7.
O-O Ng6 8. Nc3 Nc6 9. Qe2 O-O 10. Re1 a6 11. a3 b5 12. g3 Bb7 13. h4 d4 14. Ne4 Qb6 15. Nxc5 Qxc5 16. h5 Nge7 17.
h6 g6 18. Bg5 Nd5 19. Nh2 Rae8 20. Ng4 Nce7 21. Be4 f5 22. exf6 Nf5 23. Kh2 e5 24. Rad1 Re6 25. Qd3 Qc6 26. f3 Qc7 27. Re2 Nde3 28.
Nxe3 Nxe3 29. Bxe3 dxe3 30. Rxe3 Bxe4 31. Qxe4 Rexf6 32. Rd5 g5 33. Rxe5 Rxh6+ 34. Kg2 Rhf6 35. Rxg5+ Rg6 36. Rxg6+ hxg6 37. Qxg6+ Qg7 38. Qxg7+ Kxg7 39. Re6 Ra8 40. Rb6 Kf7 41. c3 Ra7 42. f4 Ke7 43.
Kf3 Kd7 44. Rh6 Kc7 45. Rh7+ Kb6 46. Rxa7 Kxa7 47. g4 Kb6 48. g5 Kc6 49. g6 Kd6 50. g7 1-0

[Event "*** Titled Tuesday Blitz"]
[Site "Chess.com"]
[Date "2020.12.01"]
[Round "8"]
[White "ChessteacherPalmS"]
[Black "Luklei18"]
[Result "1-0"]
[WhiteElo "2327"]
[BlackElo "2415"]
[TimeControl "180+1"]
[EndTime "11:26:59 PST"]
[Termination "ChessteacherPalmS won on time"]

1. d4 d6 2. c4 e5 3. dxe5 dxe5 4. Qxd8+ Kxd8 5. Nc3 Be6 6. b3 Nd7 7. g3 a5 8. Bh3 Bb4 9. Bd2 Ke7 10. Bxe6 Kxe6 11.
Nf3 f6 12. a3 Bxc3 13. Bxc3 Nc5 14. Rb1 a4 15. Bb4 Nxb3 16. O-O c5 17. Bc3 Ne7 18. Nd2 Nxd2 19. Bxd2 Rhb8 20. Rb5 b6 21.
Rfb1 Rd8 22. Be3 Nc8 23. f4 Ra6 24. Kf2 Rd6 25. fxe5 fxe5 26. Kf3 Rc6 27. R5b2 Nd6 28. Rc2 Rc8 29. Rd1 Rf8+ 30. Kg2 Nf5 31. Bg1 Ra7 32. Rcd2 Rff7 33. Rd8 Rfd7 34. Re8+ Ne7 35. Rb1 Kf7 36. Rb8 Rd2 37. Kf3 Ra2 38. R1xb6 Rxa3+ 39. Kg2 Ra2 40. Kf3 a3 41. Bxc5 Rc2 42. R6b7 Rxb7 43.
Rxb7 e4+ 44. Kf2 a2 45. Rxe7+ Kf6 46. Ra7 Rxc4 47. Bf8 Rc2 48. Bxg7+ Kf5 49. Ke3 Kg4 50. Be5 h5 51. Rg7+ Kh3 52. Rg5 Kxh2 53. Rxh5+ Kg2 54. g4 Rc5 55. Kxe4 1-0

[Event "*** Titled Tuesday Blitz"]
[Site "Chess.com"]
[Date "2020.12.01"]
[Round "8"]
[White "VladimirBugayev"]
[Black "gochatoria98"]
[Result "1/2-1/2"]
[WhiteElo "2282"]
[BlackElo "2178"]
[TimeControl "180+1"]
[EndTime "11:27:00 PST"]
[Termination "Game drawn by repetition"]

1. e4 c5 2. Nc3 Nc6 3. Bb5 e6 4. Bxc6 bxc6 5. f4 d5 6. d3 Nf6 7. Nf3 Be7 8. Qe2 O-O 9. O-O Rb8 10. b3 Ba6 11. Rd1 Qc7 12. e5 Nd7 13. Qf2 f6 14. exf6 Bxf6 15. Bd2 Rbe8 16. g3 e5 17. fxe5 Nxe5 18.
Nxe5 Bxe5 19. Qxc5 Bxg3 20. Rf1 Bxh2+ 21. Kh1 Bd6 22.
Qg1 Bb7 23. Rxf8+ Rxf8 24. Rf1 Rxf1 25. Qxf1 c5 26. d4 Qe7 27. Qh3 cxd4 28. Nb5 Qe4+ 29. Kg1 Bc5 30. Qd7 d3+ 31. Kh2 Qh4+ 32. Kg2 Qf2+ 33.
Kh3 Qf3+ 34. Kh2 Qh5+ 35. Kg3 Qg6+ 36. Kh2 Qh5+ 37. Kg3 Qe5+ 38. Kh3 Qh5+ 39. Kg3 1/2-1/2

[Event "*** Titled Tuesday Blitz"]
[Site "Chess.com"]
[Date "2020.12.01"]
[Round "8"]
[White "TheCairnTerrier"]
[Black "ybruned"]
[Result "1/2-1/2"]
[WhiteElo "2153"]
[BlackElo "2274"]
[TimeControl "180+1"]
[EndTime "11:27:00 PST"]
[Termination "Game drawn by repetition"]

1. e4 c5 2. Nf3 d6 3. Bb5+ Bd7 4. Bxd7+ Qxd7 5. c4 Nf6 6. Nc3 g6 7. O-O Bg7 8. d4 cxd4 9. Nxd4 O-O 10. f3 Nc6 11.
Nde2 Qd8 12. Be3 Nd7 13. Qd2 Nde5 14. b3 a6 15. Rac1 Rc8 16. Rfd1 Qa5 17. Kh1 b5 18.
cxb5 axb5 19. Nd4 Nxd4 20. Bxd4 Rfe8 21. Nd5 Qxd2 22. Nxe7+ Kf8 23. Nxc8 Qb4 24. Nxd6 Nd7 25. Bxg7+ Kxg7 26. Nxe8+ Kf8 27. Rxd7 Kxe8 28. Rcd1 Kf8 29. h3 Qc3 30. R7d5 Qc2 31. R1d2 Qc6 32. b4 Qc4 33. a3 h5 34. Rc5 Qf1+ 35. Kh2 Qe1 36. Rd8+ Kg7 37. Rcd5 h4 38. Rd1 Qg3+ 39. Kh1 Qf2 40.
R8d5 Qe2 41. Rc1 Qb2 42. Rcc5 Qb1+ 43. Kh2 Qe1 44. Rxb5 Qg3+ 45. Kg1 Qe1+ 46. Kh2 Qg3+ 47. Kg1 Qe1+ 48. Kh2 1/2-1/2

[Event "*** Titled Tuesday Blitz"]
[Site "Chess.com"]
[Date "2020.12.01"]
[Round "8"]
[White "Blitzking642"]
[Black "TheKingDoctor"]
[Result "1-0"]
[WhiteElo "2227"]
[BlackElo "2064"]
[TimeControl "180+1"]
[EndTime "11:27:00 PST"]
[Termination "Blitzking642 won on time"]

1. e4 c5 2. Nf3 g6 3. d4 cxd4 4. Nxd4 Bg7 5. c4 Nc6 6. Be3 Nf6 7. Nc3 d6 8. Be2 O-O 9. O-O Bd7 10. f3 a6 11. Qd2 Rc8 12. Rac1 Ne5 13. b3 Qa5 14.
Nd5 Qd8 15. Rfe1 Rb8 16. a4 Nxd5 17. exd5 Bc8 18. Bf1 Nd7 19. b4 Nb6 20. a5 Nd7 21. f4 Nf6 22. h3 Ne4 23. Qd3 Ng3 24. Bf2 Nxf1 25. Kxf1 Bd7 26. Bh4 Re8 27. Re2 b6 28. Rce1 Bf8 29. axb6 Rxb6 30. c5 dxc5 31. bxc5 Bb5 32.
Nxb5 Rxb5 33. d6 Rxc5 34. Bxe7 Bxe7 35. Rxe7 Rxe7 36. Rxe7 Rc6 37. d7 Re6 38. Rxe6 fxe6 39. Qd6 Kf7 40. Ke2 a5 41. Kd3 a4 42. Kc2 a3 43. Kb3 a2 44. Kxa2 h6 45. Kb3 h5 46. g4 hxg4 47. hxg4 1-0

[Event "*** Titled Tuesday Blitz"]
[Site "Chess.com"]
[Date "2020.12.01"]
[Round "8"]
[White "BilodeauA"]
[Black "GM_dmitrij"]
[Result "1-0"]
[WhiteElo "2858"]
[BlackElo "2948"]
[TimeControl "180+1"]
[EndTime "11:27:01 PST"]
[Termination "BilodeauA won by resignation"]

1. e4 e5 2. Nf3 Nc6 3. Bc4 Nf6 4. d3 Bc5 5. O-O d6 6. c3 O-O 7. h3 a5 8. Nbd2 h6 9. Re1 a4 10. Nf1 Bd7 11. d4 Bb6 12. Ng3 a3 13. b3 exd4 14.
cxd4 d5 15. exd5 Nb4 16. Ne5 Nbxd5 17. Nh5 Be6 18. Nxf6+ Qxf6 19. Be3 Rfd8 20. Rc1 c6 21. Ng4 Qg6 22. Qf3 Ba5 23. Re2 Bc7 24. Bd2 Qf5 25.
Qxf5 Bxf5 26. Ne5 Be6 27. Nd3 b6 28. f3 Bd6 29. Bxd5 Bxd5 30. Bf4 Bf8 31. Bc7 Re8 32. Kf2 Rxe2+ 33. Kxe2 Ra6 34. Bf4 g5 35. Bd2 Bg7 36.
Nb4 Ra8 37. Nxd5 cxd5 38. Kd3 Bf8 39. Rc6 Rb8 40. g4 Kg7 41. f4 gxf4 42. Bxf4 Rb7 43. Bxh6+ Kg8 44. Rc8 1-0

[Event "*** Titled Tuesday Blitz"]
[Site "Chess.com"]
[Date "2020.12.01"]
[Round "8"]
[White "RaneshRatnesan"]
[Black "anon569"]
[Result "0-1"]
[WhiteElo "2145"]
[BlackElo "2281"]
[TimeControl "180+1"]
[EndTime "11:27:01 PST"]
[Termination "anon569 won by checkmate"]

1. d4 Nf6 2. c4 e6 3. Nc3 Bb4 4. Qc2 O-O 5. a3 Bxc3+ 6. Qxc3 b6 7. Bg5 Bb7 8. f3 d6 9. e4 c5 10.
dxc5 bxc5 11. Qc2 Nc6 12. Ne2 h6 13. Bh4 Ne5 14. Nc3 Ng6 15. Bf2 Qe7 16. Be2 Rac8 17. O-O Rfd8 18. Rad1 a6 19. Bg3 Nh5 20. Bf2 Nhf4 21.
g3 Nh3+ 22. Kg2 Nxf2 23. Rxf2 Ne5 24. Bf1 Nc6 25. Rfd2 Nd4 26. Qd3 Qf6 27. Ne2 e5 28. Nc3 Bc6 29. b4 Qg6 30. Rb2 Rf8 31. b5 axb5 32.
cxb5 Bb7 33. a4 f5 34. a5 fxe4 35. fxe4 Rf3 36. Qc4+ Kh8 37. Re1 Rxc3 38. Qxc3 Bxe4+ 39. Kg1 Nf3+ 40. Kf2 Nxe1 41. Kxe1 Rf8 42. Rf2 Rxf2 43. Kxf2 Qf5+ 44. Kg1 Bd5 45. b6 Qe4 46. Bg2 Qxg2# 0-1

[Event "*** Titled Tuesday Blitz"]
[Site "Chess.com"]
[Date "2020.12.01"]
[Round "8"]
[White "Perecke"]
[Black "esrosenberg"]
[Result "1-0"]
[WhiteElo "2377"]
[BlackElo "2210"]
[TimeControl "180+1"]
[EndTime "11:27:02 PST"]
[Termination "Perecke won on time"]

1. e4 e5 2. Nf3 Nc6 3. Bb5 a6 4.
Ba4 Nf6 5. O-O Be7 6. Re1 b5 7. Bb3 O-O 8. d4 Nxd4 9. Bxf7+ Rxf7 10. Nxe5 Rf8 11. Qxd4 Bb7 12. Nc3 d6 13. Nf3 c5 14.
Qd3 h6 15. b3 Ng4 16. Bb2 Bf6 17.
Rab1 Qe7 18. Nd5 Qf7 19. Nxf6+ Nxf6 20. Rbd1 Rad8 21. e5 dxe5 22. Qxd8 Rxd8 23. Rxd8+ Kh7 24. Nxe5 Qh5 25. f3 c4 26. bxc4 Qh4 27. Rh8+ Kxh8 28. Ng6+ Kh7 29. Nxh4 bxc4 30. Nf5 Kg6 31. Nxg7 Nd5 32.
Ne6 c3 33. Bc1 Kf6 34. Nf4 Nb4 35. Re6+ Kf7 36. Rb6 Bxf3 37. Rxb4 Bd1 38. Rc4 Bxc2 39.
Rxc3 Bb1 40. Ra3 a5 41. Rxa5 h5 42. Nxh5 Ke7 43. Nf4 Kd7 44. a4 Kc7 45. Ra6 Ba2 46. a5 Bc4 47. Ne6+ Kb7 48. Nc5+ Kb8 49. Rb6+ Ka8 50.
a6 Be2 51. Bf4 1-0

[Event "*** Titled Tuesday Blitz"]
[Site "Chess.com"]
[Date "2020.12.01"]
[Round "8"]
[White "Abdimalik_Abdisalimov"]
[Black "ondoko"]
[Result "1-0"]
[WhiteElo "2683"]
[BlackElo "2128"]
[TimeControl "180+1"]
[EndTime "11:27:03 PST"]
[Termination "Abdimalik_Abdisalimov won on time"]

1. d4 d5 2. c4 c6 3. g3 e6 4. Bg2 dxc4 5. Nf3 b5 6. O-O Bb7 7.
a4 a6 8. Ne5 Qc7 9. Nc3 Nf6 10.
axb5 cxb5 11. Nxb5 axb5 12. Rxa8 Bxa8 13. Bxa8 Nbd7 14.
Bf4 Bd6 15. Nxd7 Qxd7 16. Bxd6 Qxd6 17. e3 O-O 18. Bg2 Qb4 19. Qc2 Nd5 20. e4 Nb6 21. Ra1 Na4 22. Rb1 Rd8 23. d5 exd5 24. exd5 Nc5 25.
Qc3 Nd3 26. Qxb4 Nxb4 27. b3 c3 28. Rc1 c2 29. Be4 Kf8 30. Kf1 Rc8 31. Ke2 Ke7 32. Kd2 h6 33. Bxc2 Nxc2 34. Rxc2 Rb8 35. Rc5 Kd6 36. b4 Ra8 37. Rxb5 Ra2+ 38. Ke3 Ra3+ 39.
Ke4 Ra2 40. Rb6+ Kd7 41. Rb7+ 1-0

[Event "*** Titled Tuesday Blitz"]
[Site "Chess.com"]
[Date "2020.12.01"]
[Round "8"]
[White "catzapto"]
[Black "vova-79"]
[Result "0-1"]
[WhiteElo "2118"]
[BlackElo "2453"]
[TimeControl "180+1"]
[EndTime "11:27:03 PST"]
[Termination "vova-79 won by checkmate"]

1. e4 e6 2. d4 d5 3. Nd2 dxe4 4. Nxe4 Nd7 5. Nf3 Ngf6 6. Nxf6+ Nxf6 7. Bd3 c5 8. c3 cxd4 9. Nxd4 Bc5 10. Nb3 Bd6 11.
Bb5+ Ke7 12. Bg5 Qc7 13. Nd4 Rd8 14. Qe2 Be5 15. Nf3 Bf4 16. g3 Bxg5 17. Nxg5 Bd7 18. Bd3 Bc6 19. f3 Rd5 20. Ne4 Rad8 21. Bc4 Re5 22.
Bd3 Rxd3 23. Qxd3 Nxe4 24. O-O Qb6+ 25. Qd4 Nd2 26. Rf2 Nxf3+ 27. Rxf3 Bxf3 28. Kf2 Bc6 29. Rd1 Qxd4+ 30. Rxd4 Rd5 31. Rf4 f5 32. Kf3 g5 33.
Rb4 Rd2+ 34. Ke3 Rxh2 35. a4 h5 36. a5 h4 37. gxh4 Rxh4 38. Rb3 a6 39. Ra3 f4+ 40. Kf2 Rh2+ 41. Kg1 Rxb2 42. c4 g4 43. c5 g3 44. Ra1 f3 45. Rd1 f2+ 46. Kf1 g2# 0-1

[Event "*** Titled Tuesday Blitz"]
[Site "Chess.com"]
[Date "2020.12.01"]
[Round "8"]
[White "PowerThinking2650"]
[Black "Eloist"]
[Result "1-0"]
[WhiteElo "2438"]
[BlackElo "2305"]
[TimeControl "180+1"]
[EndTime "11:27:04 PST"]
[Termination "PowerThinking2650 won by checkmate"]

1. e4 e6 2. d4 d5 3. Nd2 Nf6 4.
e5 Nfd7 5. Bd3 c5 6. c3 b6 7. Ne2 Ba6 8. Bb1 Nc6 9. Nf3 cxd4 10. cxd4 Bb4+ 11. Bd2 Qe7 12. O-O Bxd2 13. Qxd2 Qb4 14.
Qxb4 Nxb4 15. Re1 Rc8 16. Nc3 Nd3 17. Bxd3 Bxd3 18. Rac1 Ke7 19. Nd2 Nb8 20. f4 Nc6 21.
Nf3 h6 22. h4 Na5 23. b3 Rc6 24. Re3 Bf5 25. Rce1 a6 26. Na4 Rhc8 27. R1e2 Bg4 28. Kf2 Kd7 29. Rd3 Kc7 30. Rdd2 Kb7 31. Re3 Rc1 32.
Nh2 Bf5 33. g4 Be4 34. Nf1 Ra1 35. Ng3 Rcc1 36. Nxe4 Rf1+ 37. Kg3 dxe4 38. Rxe4 Rg1+ 39. Rg2 Rad1 40. Rxg1 Rxg1+ 41. Kf3 Rh1 42. h5 Rh2 43.
Re2 Rh3+ 44. Ke4 Rg3 45. d5 Rxg4 46. d6 Kc6 47. Rc2+ Kd7 48. Nxb6+ Kd8 49. Rc8# 1-0

[Event "*** Titled Tuesday Blitz"]
[Site "Chess.com"]
[Date "2020.12.01"]
[Round "8"]
[White "MatyChess1"]
[Black "vladimirdamjanovic"]
[Result "1-0"]
[WhiteElo "2571"]
[BlackElo "2455"]
[TimeControl "180+1"]
[EndTime "11:27:05 PST"]
[Termination "MatyChess1 won by resignation"]

1. e4 c6 2. Nc3 d5 3. Nf3 dxe4 4.
Nxe4 Nf6 5. Qe2 Nxe4 6. Qxe4 Nd7 7. Bc4 Nf6 8. Ne5 e6 9. Qe2 Bd6 10. O-O Bxe5 11. Qxe5 O-O 12. b3 b5 13. Bd3 Qd5 14. Qg3 Ne4 15. Qf4 Nc5 16. Be2 Qe4 17. Qe3 Qxe3 18.
fxe3 Rd8 19. d3 e5 20. e4 Ne6 21. Be3 c5 22. c3 Bb7 23. a4 a6 24. g3 g6 25. Rf6 Kg7 26. Raf1 Nf4 27. Rxf7+ Kxf7 28. gxf4 exf4 29. Rxf4+ Kg7 30. Bxc5 bxa4 31. bxa4 Rac8 32. Bd4+ Kg8 33. Bg4 Rc6 34. Kf2 Rf8 35. Rxf8+ Kxf8 36. Ke3 Ke7 37. c4 h5 38. Bh3 Bc8 39. Bg2 h4 40. e5 Rc7 41. Bc3 Bb7 42. Bh3 Bc8 43. Bb4+ Ke8 44. Bg2 Bb7 45. Bf1 Rf7 46. Be2 Rf5 47.
d4 g5 48. e6 Rf4 49. Bh5+ Kd8 50. e7+ Kc7 51. e8=Q Re4+ 52. Qxe4 Bxe4 53. Kxe4 1-0

[Event "*** Titled Tuesday Blitz"]
[Site "Chess.com"]
[Date "2020.12.01"]
[Round "8"]
[White "mirciulica14"]
[Black "woodhy"]
[Result "1/2-1/2"]
[WhiteElo "2594"]
[BlackElo "2467"]
[TimeControl "180+1"]
[EndTime "11:27:05 PST"]
[Termination "Game drawn by repetition"]

1. d4 Nf6 2. c4 e6 3. Nf3 b6 4. a3 Ba6 5. b3 d5 6. cxd5 exd5 7. Nc3 Nbd7 8. g3 Bd6 9. Bg2 O-O 10. O-O Re8 11.
Re1 Ne4 12. Bb2 Nxc3 13. Bxc3 Nf6 14. Nd2 Qe7 15. e3 Bd3 16. Bb2 h5 17. h4 c6 18. Qc1 Rac8 19. Qc3 Bf5 20. b4 Ng4 21. e4 dxe4 22. Nxe4 Bxe4 23. Rxe4 Qf6 24. Rxe8+ Rxe8 25. Qf3 c5 26. Qxf6 Nxf6 27. dxc5 bxc5 28. Rd1 Be7 29. Re1 cxb4 30. Bxf6 gxf6 31. axb4 Kf8 32. Bc6 Rc8 33. b5 Rc7 34. Ra1 Bc5 35. Bf3 Bb6 36. Ra2 Rc5 37. Rb2 Kg7 38. Kg2 Kg6 39. Bc6 a6 40. Be4+ f5 41. bxa6 fxe4 42. Rxb6+ f6 43. Rb4 Ra5 44.
Rxe4 Kf5 45. Rb4 Rxa6 46. Rb5+ Kg6 47. Rb8 Ra7 48. Rg8+ Kh7 49. Rb8 Rd7 50. Rb6 Kg6 51. Rb5 Rd4 52. Rc5 Rb4 53. Ra5 Rc4 54. Kf3 Rc1 55. Kg2 Kh6 56. Kf3 Rg1 57. Kf4 Rg2 58.
f3 Kg6 59. g4 hxg4 60. fxg4 Rf2+ 61. Kg3 Rf1 62. h5+ Kh6 63. Ra8 Kg7 64. Re8 Kf7 65. Ra8 Kg7 66. Ra5 Kh6 67. Ra8 Kg7 1/2-1/2

[Event "*** Titled Tuesday Blitz"]
[Site "Chess.com"]
[Date "2020.12.01"]
[Round "8"]
[White "Volodar_Murzin"]
[Black "djano"]
[Result "1/2-1/2"]
[WhiteElo "2591"]
[BlackElo "2462"]
[TimeControl "180+1"]
[EndTime "11:27:05 PST"]
[Termination "Game drawn by repetition"]

1. e4 c5 2. Nf3 e6 3. d4 cxd4 4.
Nxd4 a6 5. Bd3 g6 6. O-O Bg7 7. Be3 Ne7 8. c4 Nbc6 9. Nxc6 bxc6 10. Nc3 O-O 11. c5 f5 12. Qd2 Rb8 13. Rab1 Qc7 14.
f4 d5 15. e5 Rd8 16. Ne2 a5 17. Nd4 Bd7 18. Kh1 g5 19. Rfe1 gxf4 20. Bxf4 Ng6 21. Bg3 Rb4 22. Nf3 Rdb8 23. a3 Rg4 24. b4 axb4 25.
Rxb4 Rbxb4 26. axb4 Qb8 27. Bxf5 Rxg3 28. hxg3 exf5 29.
e6 Be8 30. Qg5 Qxb4 31. Qd8 Kf8 32. e7+ Kf7 33. Ng5+ Kf6 34. Re6+ Kxg5 35. Qxe8 Qg4 36. Qd8 Qd1+ 37. Kh2 Qh5+ 38. Kg1 Bd4+ 39. Kf1 Qd1+ 40.
Re1 Qd3+ 41. Re2 Qd1+ 42. Re1 Qd3+ 43. Re2 Qd1+ 44. Re1 1/2-1/2

[Event "*** Titled Tuesday Blitz"]
[Site "Chess.com"]
[Date "2020.12.01"]
[Round "8"]
[White "ChelsieMonica"]
[Black "paulrusan"]
[Result "1-0"]
[WhiteElo "2385"]
[BlackElo "2253"]
[TimeControl "180+1"]
[EndTime "11:27:05 PST"]
[Termination "ChelsieMonica won by checkmate"]

1. c4 Nf6 2. Nf3 g6 3. e3 Bg7 4.
d4 d6 5. Be2 O-O 6. O-O Nbd7 7.
Nc3 e5 8. dxe5 dxe5 9. e4 Nc5 10.
Qc2 c6 11. Bg5 h6 12. Rad1 Qe7 13. Bxf6 Bxf6 14. Rd2 Bg4 15. h3 Bxf3 16. Bxf3 Ne6 17. Ne2 Rfd8 18. Rfd1 Nd4 19. Nxd4 exd4 20. Qd3 c5 21. g3 h5 22. Bg2 h4 23. Re2 hxg3 24.
Qxg3 b5 25. e5 Bh4 26. Qg4 Rab8 27. e6 Bf6 28. exf7+ Qxf7 29. Bd5 Rxd5 30. cxd5 c4 31. Re6 d3 32. d6 Rd8 33. h4 Kh7 34. Qe4 Kg7 35.
b3 Rd7 36. bxc4 bxc4 37. h5 gxh5 38. Kh1 c3 39. Rg1+ Kf8 40. Qf5 Bd4 41. Qe4 Bf6 42. Re1 d2 43. Re8+ Kg7 44. Rg1+ Kh6 45. Qf4+ Kh7 46. Qf5+ Kh6 47. Reg8 d1=Q 48. Rg6+ Qxg6 49. Qxg6# 1-0

[Event "*** Titled Tuesday Blitz"]
[Site "Chess.com"]
[Date "2020.12.01"]
[Round "8"]
[White "guillembaches"]
[Black "politeplayer"]
[Result "1/2-1/2"]
[WhiteElo "2381"]
[BlackElo "2258"]
[TimeControl "180+1"]
[EndTime "11:27:05 PST"]
[Termination "Game drawn - insufficient material"]

1. c4 e6 2. d4 d5 3. Nc3 c5 4. e3 Nf6 5. Nf3 a6 6. dxc5 Bxc5 7. a3 O-O 8. b4 Be7 9. Bb2 dxc4 10. Qxd8 Rxd8 11.
Bxc4 b5 12. Bb3 Bb7 13. Ke2 Nbd7 14. Rhd1 Nb6 15. Rxd8+ Rxd8 16. Rd1 Rxd1 17. Nxd1 Bd5 18. Bxd5 Nfxd5 19. Nd2 Na4 20. Bd4 Bf6 21. Bxf6 gxf6 22. Kd3 Kf8 23. g3 Ke7 24. e4 Ndb6 25. f4 f5 26.
exf5 exf5 27. Kd4 Kd6 28. Ne3 Ke6 29. Nb3 h5 30. Nc5+ Nxc5 31. Kxc5 Na4+ 32. Kc6 Nc3 33. Kb6 Nb1 34. Kxa6 Nxa3 35. h4 Nc4 36. Nc2 Nd6 37. Nd4+ Kd5 38. Nxb5 Ne4 39. Nc7+ Kd6 40. Ne8+ Ke7 41.
Ng7 Nxg3 42. b5 Ne4 43. b6 Nc5+ 44. Ka7 Kd6 45. b7 Nxb7 46. Kxb7 Kd5 47. Nxh5 Ke4 48. Kc6 Kf3 49. Kd5 Kg4 50. Ng7 Kxf4 51. Kd4 Kg4 52. h5 Kg5 53. Ke5 f6+ 54. Kd4 Kh6 55.
Nxf5+ Kxh5 56. Ke4 Kg5 57. Ne3 f5+ 58. Nxf5 1/2-1/2